 Dungeon Crawl Stone Soup version 0.29.0-4-gdea44cf6ec (webtiles) character file.

Game seed: 13973611229188541185

249 qw the Chopper (level 6, -3/38 HPs)
             Began as a Gargoyle Fighter on Sept 10, 2022.
             Killed from afar by Ijyb (8 damage)
             ... with a bolt of dispelling energy
             ... on level 4 of the Dungeon.
             The game lasted 00:01:06 (2913 turns).

qw the Chopper (Gargoyle Fighter)                   Turns: 2913, Time: 00:01:06

Health: -3/38      AC: 21    Str: 27    XL:     6   Next: 12%
Magic:  6/6        EV:  8    Int:  9    God:
Gold:   119        SH:  4    Dex:  9    Spells: 5/5 levels left

rFire   . . .      SeeInvis .   Y - +1 war axe (protect)
rCold   . . .      Faith    .   c - +0 buckler
rNeg    + . .      Spirit   .   t - +0 chain mail
rPois   inf        Reflect  .   (no helmet)
rElec   +          Harm     .   (no cloak)
rCorr   .          Rampage  .   f - +0 pair of gloves
Will    .....                   (no boots)
Stlth   ..........              (no amulet)
HPRegen 0.12/turn               h - +6 ring of strength
MPRegen 0.10/turn               (no ring)

@: under a protective aura
A: sickness immunity, AC +4, negative energy resistance 1, electricity
resistance, torment resistance 1, petrification resistance
a: no special abilities


You were on level 4 of the Dungeon.
You visited 1 branch of the dungeon, and saw 4 of its levels.

You collected 119 gold pieces.


Innate Abilities, Weirdness & Mutations

You are immune to sickness and miasma.
Your stone body is resilient. (AC +4)
You are immune to poison.
You resist negative energy. (rN+)
You are resistant to electric shocks. (rElec)
You are resistant to unholy torment.
You are immune to petrification.


   Skills:
 - Level 4.0 Fighting
 + Level 5.0 Axes
 - Level 3.2 Armour
 - Level 1.0 Dodging
 - Level 3.2 Shields


You had 5 spell levels left.
You didn't know any spells.
Your spell library was empty.

Inventory:

Hand Weapons
 p - a +0 flail
 Y - a +1 war axe of protection (weapon)
Missiles
 q - 3 boomerangs (quivered)
Armour
 c - a +0 buckler (worn)
 f - a +0 pair of gloves (worn)
 t - a +0 chain mail (worn)
Jewellery
 h - a +6 ring of strength (left hand)
Potions
 a - a potion of berserk rage {unknown}
 d - 2 potions of might
 e - 3 potions of curing
 g - a potion of degeneration {unknown}
 j - 2 potions of cancellation
 k - a potion of heal wounds {unknown}
 l - a potion of haste {unknown}
 m - a potion of resistance {unknown}
 o - a potion of mutation {unknown}

Dungeon Overview and Level Annotations

Branches:
Dungeon (4/15)
 Temple: D:4-7

Altars:
Nemelex Xobeh
Trog
The Shining One

Annotations:
D:4 Ijyb


Message History

Your weapon exudes an aura of protection.
The quokka is lightly wounded.
The quokka barely misses you.
You completely miss the quokka.
The quokka is lightly wounded.
The quokka barely misses you. x2
You hit the quokka.
You kill the quokka!
Found an escape hatch in the floor.
Found a stone staircase leading up.
There is an escape hatch in the floor here.
There is a stone staircase leading up here.
Ijyb the Twisted Goblin comes into view.
She is wielding a +0 dagger and carrying a wand of quicksilver (5).
Ijyb shouts!
You hear a shout!
Ijyb hits you with a +0 dagger.
You closely miss Ijyb.
Ijyb zaps a wand.
The bolt of dispelling energy hits you. Ijyb barely misses you.
You hit Ijyb.
Your weapon exudes an aura of protection.
Ijyb is moderately wounded.
You block Ijyb's attack.
You closely miss Ijyb.
Ijyb is moderately wounded.
Ijyb hits you but does no damage.
You hit Ijyb.
Ijyb is heavily wounded.
Ijyb zaps a wand.
The bolt of dispelling energy hits you!!
Ouch! That really hurt!
Ijyb zaps a wand.
The bolt of dispelling energy misses you.
You barely miss Ijyb.
Ijyb is heavily wounded.
Ijyb hits you but does no damage.
You hit Ijyb but do no damage.
Ijyb is heavily wounded.
Ijyb zaps a wand.
The bolt of dispelling energy hits you!
Ijyb zaps a wand.
The bolt of dispelling energy hits you!
You die...

.#####
......
......####
.........#
......g..#
.......@.##
..#####...#
###.#
####.####
#...<...#
#.##.##.# #
##.##.# #
#.>##.#
#.#.###.#


You could see Ijyb.

Vanquished Creatures
  An orc priest (D:3)
  Jessica (D:2)
  4 adders
  8 gnolls
  4 worms
  A dart slug (D:1)
  7 orcs (D:3)
  5 ball pythons
  5 endoplasms
  A giant cockroach (D:2)
  6 goblins
  3 hobgoblins
  2 quokkas
  3 bats
  3 frilled lizards
  9 kobolds
  5 rats
68 creatures vanquished.

Vanquished Creatures (others)
  4 plants (D:2)
4 creatures vanquished.

Grand Total: 72 creatures vanquished

Notes
Turn   | Place    | Note
-------+----------+-------------------------------------------
     0 | D:1      | qw the Gargoyle Fighter began the quest for the Orb.
     0 | D:1      | Reached XP level 1. HP: 14/14 MP: 1/1
     0 | D:1      | 0 ||| qw: Version: 0.1-a-116-g5d60599
     0 | D:1      | 0 ||| qw: Game counter: 7440
     0 | D:1      | 0 ||| qw: Always use a shield: true
     0 | D:1      | 0 ||| qw: God list: Okawaru
     0 | D:1      | 0 ||| qw: Allow faded altars: false
     0 | D:1      | 0 ||| qw: Do Orc after D:15 true
     0 | D:1      | 0 ||| qw: Do second Lair branch before Depths: true
     0 | D:1      | 0 ||| qw: Lair rune preference: random
     0 | D:1      | 0 ||| qw: Plans: Normal, Zot, God:TSO, Crypt, Tomb, Zig,
                  | Orb
     0 | D:1      | 0 ||| PLANNING D:1-11
    46 | D:1      | Reached skill level 2 in Axes
   218 | D:1      | Reached XP level 2. HP: 17/19 MP: 2/2
   238 | D:1      | 238 ||| Stepping ~*~*~tactically~*~*~ (stealth).
   240 | D:1      | 240 ||| Stepping ~*~*~tactically~*~*~ (stealth).
   652 | D:1      | Found a faded altar of an unknown god.
   750 | D:1      | 750 ||| UPGRADING to +0 pair of gloves.
   755 | D:1      | 755 ||| READING scroll labelled MISIL RELEUM.
   756 | D:1      | 756 ||| READING scroll labelled BONA DE QOA.
   757 | D:1      | 757 ||| DRINKING 3 cyan potions.
   758 | D:1      | 758 ||| DRINKING 2 sapphire potions.
   773 | D:2      | 773 ||| STAIRDANCE
   780 | D:1      | Reached skill level 3 in Axes
   780 | D:1      | Reached XP level 3. HP: 22/23 MP: 3/3
   830 | D:2      | 830 ||| Stepping ~*~*~tactically~*~*~ (stealth).
   831 | D:2      | 831 ||| Stepping ~*~*~tactically~*~*~ (stealth).
  1060 | D:2      | 1060 ||| Stepping ~*~*~tactically~*~*~ (stealth).
  1196 | D:2      | 1196 ||| Stepping ~*~*~tactically~*~*~ (stealth).
  1197 | D:2      | 1197 ||| Stepping ~*~*~tactically~*~*~ (stealth).
  1202 | D:2      | 1202 ||| FLEEEEING.
  1203 | D:2      | 1203 ||| FLEEEEING.
  1204 | D:2      | 1204 ||| FLEEEEING.
  1205 | D:2      | 1205 ||| FLEEEEING.
  1206 | D:2      | 1206 ||| FLEEEEING.
  1207 | D:2      | 1207 ||| FLEEEEING.
  1208 | D:2      | 1208 ||| FLEEEEING.
  1209 | D:2      | 1209 ||| FLEEEEING.
  1210 | D:2      | 1210 ||| FLEEEEING.
  1211 | D:2      | 1211 ||| FLEEEEING.
  1212 | D:2      | 1212 ||| FLEEEEING.
  1213 | D:2      | 1213 ||| FLEEEEING.
  1214 | D:2      | 1214 ||| FLEEEEING.
  1219 | D:2      | 1219 ||| STAIRDANCE
  1286 | D:1      | 1286 ||| DRINKING 2 bubbling ruby potions.
  1287 | D:1      | 1287 ||| DROPPING potion of flight.
  1397 | D:2      | Noticed Jessica
  1403 | D:2      | Killed Jessica
  1404 | D:2      | Reached skill level 4 in Axes
  1404 | D:2      | Reached XP level 4. HP: 28/28 MP: 4/4
  1451 | D:2      | 1451 ||| Stepping ~*~*~tactically~*~*~ (water).
  1621 | D:2      | 1621 ||| UPGRADING to +6 ring of strength.
  1622 | D:2      | 1622 ||| READING scroll labelled EBBEAH MAOSK.
  1623 | D:2      | 1623 ||| READING scroll labelled GOAWKISHR LAIBRUT.
  1734 | D:3      | Identified the +7 spear of the Equator {antimagic, rF+
                  | Will- Str+4 SInv}
  1760 | D:3      | Reached XP level 5. HP: 32/32 MP: 5/5
  1854 | D:3      | 1854 ||| DROPPING +0 mace.
  1886 | D:3      | Reached skill level 5 in Axes
  1896 | D:3      | HP: 4/32 [gnoll/+0 halberd (5)]
  1899 | D:3      | Reached skill level 1 in Dodging
  2253 | D:3      | Found a bloodstained altar of Trog.
  2407 | D:3      | Found a glowing golden altar of the Shining One.
  2634 | D:3      | Found a sparkling altar of Nemelex Xobeh.
  2719 | D:3      | 2719 ||| UPGRADING to +0 chain mail.
  2729 | D:3      | 2729 ||| DROPPING +0 scale mail.
  2730 | D:3      | 2730 ||| READING scroll labelled LUEMYCARCHU.
  2786 | D:3      | 2786 ||| READING scroll labelled PYM TUZ CIWYM.
  2787 | D:3      | 2787 ||| READING scroll labelled ZOPRUDGH GEQUNO.
  2788 | D:3      | 2788 ||| READING scroll labelled AWKULEU SUNK.
  2791 | D:3      | 2791 ||| READING scroll labelled NAORAMEMN.
  2792 | D:3      | 2792 ||| READING scroll labelled ZUGU ZARGHYPT.
  2793 | D:3      | 2793 ||| READING scroll labelled UXEARH MUIZOS.
  2818 | D:4      | Reached XP level 6. HP: 35/38 MP: 6/6
  2820 | D:4      | 2820 ||| Stepping ~*~*~tactically~*~*~ (stealth).
  2821 | D:4      | 2821 ||| Stepping ~*~*~tactically~*~*~ (stealth).
  2838 | D:4      | 2838 ||| Stepping ~*~*~tactically~*~*~ (stealth).
  2847 | D:4      | 2847 ||| Stepping ~*~*~tactically~*~*~ (stealth).
  2905 | D:4      | Noticed Ijyb
  2913 | D:4      | HP: 5/38 [Ijyb/bolt of dispelling energy (7)]
  2913 | D:4      | Killed from afar by Ijyb

Levels and vault maps discovered:
D:1:      lightli_arrival_lavapool, layout_basic,
          dreamdust_ecumenical_altar_hidden_monk_grotto, kennysheep_boxes
D:2:      layout_loops_ring, serial_bayou_pond_c, uniq_jessica
D:3:      layout_basic, trog_book, tso_altar, nemelex_diamond_rough_becter,
          corexii_shack
D:4:      layout_loops_cross, nicolae_wu_jian_wuxing_cycle,
          mainiacjoe_overflow_brackets, marbit_many_paths, uniq_pikel, uniq_ijyb

Skill      XL: |  1  2  3  4  5  6 |
---------------+-------------------+-----
Axes           | 2 3 4 5 |  5.0
Dodging        | 1 |  1.0
Fighting       | 4 |  4.0
Armour         | |  3.2
Shields        | |  3.2

Action                   |  1- 3 |  4- 6 || total
-------------------------+-------+-------++-------
Melee: War axe           |    71 |   120 ||   191
Throw: Boomerang         |       |     6 ||     6
  Use: Potion            |     3 |       ||     3
       Scroll            |     2 |     9 ||    11
Armor: Scale mail        |    36 |    53 ||    89
       Chain mail        |       |    19 ||    19
Dodge: Dodged            |    32 |    61 ||    93
Block: Buckler           |     9 |    40 ||    49

Table legend:
 A = Non-vault XP
 B = Vault XP
 C = Vault XP percentage of total XP
 D = Non-vault monster count
 E = Vault monster count
 F = Vault count percentage of total count
                 A         B        C        D         E       F
            +---------+---------+-------+---------+---------+-------
      Total |     314 |      42 |  11.8 |      66 |       2 |   2.9
            +---------+---------+-------+---------+---------+-------
        D:1 |      42 |       0 |   0.0 |      16 |       0 |   0.0
        D:2 |      60 |      37 |  38.1 |      19 |       1 |   5.0
        D:3 |     142 |       0 |   0.0 |      21 |       0 |   0.0
        D:4 |      70 |       5 |   6.7 |      10 |       1 |   9.1
            +---------+---------+-------+---------+---------+-------
